 Dungeon Crawl Stone Soup version 0.19.1 (webtiles) character file.

2978 JeffiDaFish the Basher (level 9, -5/56 HPs)
             Began as a Gargoyle Fighter on Dec 18, 2016.
             Was a Priest of Makhleb.
             Slain by an orc warrior
             ... wielding a +0 battleaxe
             ... led by an orc knight
              (16 damage)
             ... on level 7 of the Dungeon.
             The game lasted 00:15:35 (5714 turns).

JeffiDaFish the Basher (Gargoyle Fighter)           Turns: 5714, Time: 00:15:36

Health: -5/56      AC: 19    Str: 20    XL:     9   Next: 82%
Magic:  9/9        EV:  7    Int: 10    God:    Makhleb [***...]
Gold:   354        SH: 10    Dex: 11    Spells: 0 memorised, 8 levels left

rFire  + . .     SeeInvis +     a - +1 flail
rCold  x . .     Gourm    .     n - +0 chain mail
rNeg   + . .     Faith    .     c - +0 shield
rPois  ∞         Spirit   .     o - +0 helmet
rElec  +         Reflect  .     d - +1 cloak
rCorr  .         Harm     .     (no gloves)
MR     .....     Clarity  +     (no boots)
Stlth  ..........               (no amulet)
                                s - ring of fire
                                w - ring of see invisible

@: no status effects
A: clarity, negative energy resistance 1, electricity resistance, unbreathing,
petrification resistance, rot immunity, AC +5
a: Minor Destruction, Lesser Servant of Makhleb, Renounce Religion


You were on level 7 of the Dungeon.
You worshipped Makhleb.
Makhleb was most pleased with you.
You were not hungry.

You visited 1 branch of the dungeon, and saw 7 of its levels.
You also visited: Sewer.

You collected 354 gold pieces.

Inventory:

Hand Weapons
 a - a +1 flail (weapon)
Armour
 c - a +0 shield (worn)
 d - a +1 cloak (worn)
 n - a +0 chain mail (worn)
 o - a +0 helmet (worn)
Jewellery
 s - a ring of fire (right hand)
 w - a ring of see invisible (left hand)
Scrolls
 b - a scroll of recharging
 e - 6 scrolls of remove curse
 h - a scroll of fear
 i - 4 scrolls of identify
 j - 2 scrolls of teleportation
 u - a scroll of amnesia
Potions
 g - 3 potions of agility
 p - 2 potions of might
 q - 7 potions of heal wounds
 t - 6 potions of curing
Comestibles
 f - 3 bread rations
 k - 5 meat rations
 m - 5 fruits
 r - a beef jerky
 v - 3 chunks of flesh


   Skills:
 + Level 6.7 Fighting
 + Level 8.9 Maces & Flails
 + Level 6.4 Armour
 + Level 2.7 Dodging
 + Level 0.8 Stealth
 + Level 7.1 Shields


You had 8 spell levels left.
You didn't know any spells.

Dungeon Overview and Level Annotations

Branches:
Dungeon (7/15)             Temple (0/1) D:4

Altars:
Cheibriados
Kikubaaqudgha
Makhleb
Okawaru
Ru
Trog
Vehumet

Shops:
D:4 *


Innate Abilities, Weirdness & Mutations

You are resistant to torment.
Your stone body is resilient. (AC +5)
You are immune to poison.
You resist negative energy. (rN+)
You are resistant to electric shocks. (rElec)
You can survive without breathing.
You are immune to petrification.
You are immune to rotting.
You possess an exceptional clarity of mind.


Message History

Found 33 arrows, 18 sling bullets and a dagger.
You hit the orc warrior.
The orc warrior is lightly wounded.
The orc warrior hits you from afar with a trident.
You sock the orc warrior!
The orc warrior is heavily wounded.
The orc warrior hits you with a battleaxe!
The orc warrior hits you from afar with a trident!
You sock the orc warrior!
The orc warrior is severely wounded.
You hit the orc warrior but do no damage.
The orc warrior is severely wounded.
The orc warrior hits you but does no damage.
The orc warrior hits you with a battleaxe!
* * * LOW HITPOINT WARNING * * *
The orc knight hits you but does no damage.
The orc warrior throws a tomahawk.
The tomahawk hits you.
* * * LOW HITPOINT WARNING * * *
The orc warrior hits you with a battleaxe!
You die...

......# #....## . #..#..#
.# #################
###.####
......#.........##.......#
#.#.#.#.#######.#.#.....#
......#.#(#(# #.#..#...#
#.#.#.#.#....o#o#...#.#
....)...#...ooo.@....#
#.#.#.#.#.....#.#...#.#
......#.#)#(# #.#..#...#
#.#.#.#.# # #.#.#.....#
......#.. ..##.......#
######### ### ########


You could see an orc knight and 4 orc warriors.

Vanquished Creatures
  A kobold demonologist (D:7)
  The ghost of ObaWulf the Poker, an amateur FoAK of Lugonu (D:3)
  A hippogriff (D:7)
  Duvessa (D:4)
  An ice beast (D:5)
  A black bear (D:7)
  2 sky beasts
  2 phantoms
  2 ogres
  2 bullfrogs
  2 big kobolds (Sewer)
  Dowan (D:4)
  A scorpion (D:4)
  10 wights
  3 crimson imps
  A bullfrog zombie (D:4)
  A hound (D:4)
  An orc wizard (D:3)
  A centaur skeleton (D:7)
  Jessica (D:3)
  Terence (D:3)
  An iguana (D:5)
  8 worker ants
  Robin (D:3)
  7 adders
  5 gnolls
  A shadow imp (D:5)
  3 oozes
  An adder skeleton (D:5)
  A worm (D:4)
  A dart slug (D:2)
  5 leopard geckos
  18 orcs
  3 ball pythons
  7 bats
  9 giant cockroaches
  10 goblins
  7 hobgoblins
  2 jackals (D:5)
  2 quokkas
  6 frilled lizards
  2 jackal skeletons
  17 kobolds
  A quokka zombie (D:7)
  6 rats
  A plant (Sewer)
162 creatures vanquished.

Notes
Turn   | Place    | Note
-------+----------+-------------------------------------------
     0 | D:1      | JeffiDaFish the Gargoyle Fighter began the quest for the Orb.
     0 | D:1      | Reached XP level 1. HP: 14/14 MP: 1/1
   157 | D:1      | Reached XP level 2. HP: 19/19 MP: 2/2
   542 | D:1      | Reached XP level 3. HP: 21/23 MP: 3/3
  1020 | D:2      | Found a sacrificial altar of Ru.
  1020 | D:2      | Found an ancient bone altar of Kikubaaqudgha.
  1020 | D:2      | Found a bloodstained altar of Trog.
  1176 | D:2      | Reached XP level 4. HP: 28/28 MP: 4/4
  1551 | D:3      | Found a radiant altar of Vehumet.
  1552 | D:3      | Found a burning altar of Makhleb.
  1577 | D:3      | Reached skill level 3 in Maces & Flails
  1577 | D:3      | Reached skill level 1 in Dodging
  1584 | D:3      | Became a worshipper of Makhleb the Destroyer
  1661 | D:3      | Reached XP level 5. HP: 26/33 MP: 5/5
  1888 | D:3      | Noticed Jessica
  1894 | D:3      | Killed Jessica
  2011 | D:3      | Noticed ObaWulf's ghost (amateur FoAK)
  2020 | D:3      | Killed ObaWulf's ghost
  2020 | D:3      | Reached skill level 4 in Maces & Flails
  2020 | D:3      | Reached XP level 6. HP: 39/39 MP: 6/6
  2082 | D:3      | Found a snail-covered altar of Cheibriados.
  2312 | D:3      | Noticed Terence
  2324 | D:3      | Killed Terence
  2324 | D:3      | Reached * piety under Makhleb
  2514 | D:3      | Noticed Robin
  2522 | D:3      | Killed Robin
  2522 | D:3      | Reached XP level 7. HP: 44/44 MP: 7/7
  2661 | D:4      | Reached skill level 5 in Maces & Flails
  2797 | D:4      | Found a staircase to the Ecumenical Temple.
  2889 | D:4      | Found Addaoleune's General Store.
  2976 | D:4      | Noticed Dowan
  2977 | D:4      | Noticed Duvessa
  2986 | D:4      | Killed Duvessa
  3010 | D:4      | Killed Dowan
  3010 | D:4      | Reached skill level 5 in Fighting
  3010 | D:4      | Reached skill level 5 in Armour
  3405 | D:5      | Entered Level 5 of the Dungeon
  3421 | D:5      | Reached XP level 8. HP: 48/49 MP: 8/8
  3508 | D:5      | Reached skill level 6 in Maces & Flails
  3610 | D:5      | Reached skill level 5 in Shields
  3695 | D:5      | Found a glowing drain.
  3798 | Sewer    | Entered a sewer
  3811 | Sewer    | Reached ** piety under Makhleb
  4606 | D:6      | Reached skill level 7 in Maces & Flails
  4778 | D:6      | Found an iron altar of Okawaru.
  4787 | D:6      | Found an ancient bone altar of Kikubaaqudgha.
  4861 | D:6      | Reached *** piety under Makhleb
  4861 | D:6      | Reached XP level 9. HP: 53/55 MP: 9/9
  4886 | D:6      | Gained mutation: You possess an exceptional clarity of mind. [potion of beneficial mutation]
  5297 | D:7      | Reached skill level 8 in Maces & Flails
  5320 | D:7      | Noticed a kobold demonologist
  5335 | D:7      | Noticed a smoke demon
  5336 | D:7      | Killed a kobold demonologist
  5709 | D:7      | Noticed an orc knight
  5714 | D:7      | Slain by an orc warrior

Skill      XL: |  1  2  3  4  5  6  7  8  9 |
---------------+----------------------------+-----
Armour         | 4 5 6 |  6.4
Maces & Flails | 3 4 5 7 8 |  8.9
Dodging        | 1 2 |  2.7
Shields        | 4 6 7 |  7.1
Fighting       | 4 5 6 |  6.7
Stealth        | |  0.8

Action                   |  1- 3 |  4- 6 |  7- 9 || total
-------------------------+-------+-------+-------++-------
Melee: Flail             |   134 |   156 |   565 ||   855
  Use: Scroll            |     6 |     4 |     1 ||    11
       Potion            |     2 |     2 |     5 ||     9
  Eat: Chunk             |     1 |     5 |    11 ||    17
Armor: Scale mail        |    94 |    67 |       ||   161
       Chain mail        |       |     6 |   428 ||   434
Dodge: Dodged            |    37 |    38 |   182 ||   257
Block: Shield            |    72 |    85 |   351 ||   508
